 Dungeon Crawl Stone Soup version 0.24.0-1-gfbc8707 (webtiles) character file.

Game seed: 9735723601450705745, levelgen mode: deterministic

956 BleediousPenious the Covered (level 7, -13/54 HPs)
             Began as a Demonspawn Fighter on Jan 11, 2020.
             Was a Believer of Cheibriados.
             Killed from afar by ParcoFolgore's ghost (22 damage)
             ... with a shard of ice
             ... on level 4 of the Dungeon.
             The game lasted 00:08:27 (3664 turns).

BleediousPenious the Covered (Demonspawn Fighter)   Turns: 3664, Time: 00:08:27

Health: -13/54     AC:  7    Str: 24    XL:     7   Next: 91%
Magic:  7/7        EV: 10    Int: 15    God:    Cheibriados [**....]
Gold:   281        SH: 11    Dex: 19    Spells: 6/6 levels left

rFire    . . .     SeeInvis .   a - +0 long sword
rCold    . . .     Gourm    .   c - +0 shield
rNeg     . . .     Faith    .   b - +0 scale mail
rPois    +         Spirit   .   (helmet restricted)
rElec    .         Reflect  .   (no cloak)
rCorr    .         Harm     .   (no gloves)
MR       .....                  (no boots)
Stlth    ++........             e - amulet of the acrobat
HPRegen  0.18/turn              k - ring of poison resistance
MPRegen  0.10/turn              (no ring)

@: very slow
A: horns 1, nightstalker 1, sturdy frame 1
a: Bend Time, Renounce Religion


You were on level 4 of the Dungeon.
You worshipped Cheibriados.
Cheibriados was pleased with you.
You were very hungry.

You visited 1 branch of the dungeon, and saw 5 of its levels.

You collected 281 gold pieces.

Inventory:

Hand Weapons
 a - a +0 long sword (weapon)
Armour
 b - a +0 scale mail (worn)
 c - a +0 shield (worn)
Jewellery
 e - an amulet of the acrobat (around neck)
 k - a ring of poison resistance (left hand)
Scrolls
 i - 3 scrolls of identify {unknown}
 j - 2 scrolls of fog
 l - a scroll of amnesia
 m - a scroll of noise {unknown}
 n - 2 scrolls of remove curse
 p - a scroll of magic mapping {unknown}
Potions
 d - a potion of brilliance {unknown}
 g - a potion of degeneration {unknown}
 h - a potion of flight {unknown}
 o - 2 potions of curing {unknown}
Comestibles
 f - 9 rations


   Skills:
 + Level 4.1 Fighting
 + Level 4.9 Long Blades
 + Level 4.9 Armour
 + Level 2.4 Dodging
 + Level 0.8 Stealth
 + Level 4.5 Shields


You had 6 spell levels left.
You didn't know any spells.
Your spell library was empty.

Dungeon Overview and Level Annotations

Branches:
Dungeon (5/15)             Temple (0/1) D:4

Altars:
Cheibriados
Hepliaklqana
Wu Jian
Yredelemnul

Annotations:
D:4 ParcoFolgore's ghost, novice BaIE


Innate Abilities, Weirdness & Mutations

You have a pair of small horns on your head.
You are slightly more attuned to the shadows.
Your movements are slightly less encumbered by armour. (ER -2)


Message History

ParcoFolgore's ghost closely misses you.
You slash ParcoFolgore's ghost!
ParcoFolgore's ghost is severely damaged.
ParcoFolgore's ghost points at you and mumbles some strange words.
You are frozen.
* * * LOW HITPOINT WARNING * * *
You closely miss ParcoFolgore's ghost. You headbutt ParcoFolgore's ghost.
ParcoFolgore's ghost is almost destroyed.
ParcoFolgore's ghost casts a spell at you.
The shard of ice misses you.
You closely miss ParcoFolgore's ghost.
Your headbutt misses ParcoFolgore's ghost.
ParcoFolgore's ghost is almost destroyed.
ParcoFolgore's ghost hits you.
* * * LOW HITPOINT WARNING * * *
You hit ParcoFolgore's ghost.
ParcoFolgore's ghost is almost destroyed.
ParcoFolgore's ghost gestures at you while chanting.
The shard of ice hits you!!
You die...

#...)(..# #####(###
#^)# #≈$≈# #).# #≈≈≈#
##..####≈≈≈# ##
#######......#≈≈≈# #
..
.............#S≈≈#.#
#
#######......##'##.#
### #......@WS..# ..#
##.#.####...# ..###
#.#.## #.###
<...##### #.#..###.#
.......>###.#.(#...#
.........##.#..#.###
..........#.#..#.#
..........#.#..#.####
.#
....................#
.#


You could see ParcoFolgore's ghost, an adder and a ball python.

Vanquished Creatures
  Sigmund (D:2)
  Eustachio (D:3)
  An ice beast (D:5)
  A centaur (D:3)
  Blork the orc (D:4)
  A bullfrog (D:3)
  A hound (D:4)
  An orc priest (D:4)
  2 orc wizards (D:4)
  An iguana (D:4)
  A worker ant (D:5)
  2 adders
  8 gnolls
  An ooze (D:1)
  A worm (D:4)
  3 dart slugs
  4 leopard geckos
  5 orcs (D:4)
  2 ball pythons
  3 giant cockroaches
  5 hobgoblins
  8 jackals
  A quokka (D:2)
  6 bats
  7 frilled lizards
  9 goblins
  7 kobolds
  A leopard gecko skeleton (D:4)
  6 rats
91 creatures vanquished.

Notes
Turn   | Place    | Note
-------+----------+-------------------------------------------
     0 | D:1      | BleediousPenious the Demonspawn Fighter began the quest for
                  | the Orb.
     0 | D:1      | Reached XP level 1. HP: 18/18 MP: 1/1
   164 | D:1      | Gained mutation: You have a pair of small horns on your
                  | head. [demonic ancestry]
   164 | D:1      | Reached XP level 2. HP: 17/24 MP: 2/2
   804 | D:2      | Reached XP level 3. HP: 29/29 MP: 3/3
   874 | D:2      | Noticed Sigmund
   883 | D:2      | Killed Sigmund
   883 | D:2      | Reached XP level 4. HP: 12/37 MP: 4/4
   883 | D:2      | Gained mutation: Your movements are slightly less
                  | encumbered by armour. (ER -2) [demonic ancestry]
   883 | D:2      | Reached XP level 5. HP: 14/42 MP: 5/5
   907 | D:2      | Found an ornate altar of the Wu Jian Council.
  1206 | D:2      | Found a hazy altar of Hepliaklqana.
  1305 | D:3      | Noticed a centaur
  1319 | D:3      | Reached XP level 6. HP: 13/48 MP: 6/6
  1324 | D:3      | Reached skill level 1 in Dodging
  1624 | D:3      | Found a basalt altar of Yredelemnul.
  1628 | D:3      | Found a faded altar of an unknown god.
  1669 | D:3      | Became a worshipper of Cheibriados the Contemplative
  1669 | D:3      | Reached * piety under Cheibriados
  2307 | D:4      | Noticed Eustachio
  2320 | D:3      | Killed Eustachio
  2320 | D:3      | Gained mutation: You are slightly more attuned to the
                  | shadows. [demonic ancestry]
  2320 | D:3      | Reached XP level 7. HP: 50/54 MP: 7/7
  2651 | D:4      | Noticed Blork the orc
  2675 | D:4      | Killed Blork the orc
  2686 | D:4      | Reached ** piety under Cheibriados
  3180 | D:4      | Found a staircase to the Ecumenical Temple.
  3200 | D:4      | You fall into a shaft and drop 1 floor!
  3200 | D:5      | Entered Level 5 of the Dungeon
  3383 | D:4      | Found a runed translucent door.
  3387 | D:4      | Noticed ParcoFolgore's ghost (novice BaIE)
  3664 | D:4      | Killed from afar by ParcoFolgore's ghost

Levels and vault maps discovered:
D:1:      saegor_arrival_under_anarchy, layout_loops_ring, roderic_roman_lattice
D:2:      layout_basic, lemuel_crystal_altar, lemuel_round_altar,
          minmay_misc_feat_ornament, uniq_sigmund
D:3:      layout_loops_corners, overflow_temple_1_default, first_ration,
          chequers_ecumenical_altar_island
D:4:      layout_rooms, minmay_temple_entry_overgrown, ebering_ghost_sewer_f,
          uniq_eustachio, uniq_blork_the_orc
D:5:      layout_cave_pools, minmay_misc_feat_x

Skill      XL: |  1  2  3  4  5  6  7 |
---------------+----------------------+-----
Long Blades    | 2 3 4 |  4.9
Armour         | 3 4 |  4.9
Shields        | 3 4 |  4.5
Fighting       | 4 |  4.1
Dodging        | 1 2 |  2.4
Stealth        | |  0.8

Action                   |  1- 3 |  4- 6 |  7- 9 || total
-------------------------+-------+-------+-------++-------
Melee: Long sword        |    66 |    95 |   106 ||   267
       Headbutt          |     4 |    17 |    28 ||    49
  Use: Potion            |     1 |     1 |       ||     2
       Scroll            |       |     5 |       ||     5
  Eat: Chunk             |       |     3 |     1 ||     4
Armor: Scale mail        |    22 |    44 |    32 ||    98
Dodge: Dodged            |    14 |    59 |    53 ||   126
Block: Shield            |    28 |    68 |    66 ||   162
       Rpst.: Long sword |     2 |    14 |     8 ||    24
